 Dungeon Crawl Stone Soup version 0.24.0-2-g5b39cebb1c (webtiles) character file.

Game seed: 15972015395581456616, levelgen mode: deterministic

2236 H0rd4k the Cutter (level 9, -7/68 HPs)
             Began as a Human Artificer on Oct 31, 2019.
             Mangled by a mummy (18 damage)
             ... in an ossuary.
             The game lasted 00:10:54 (4751 turns).

H0rd4k the Cutter (Human Artificer)                 Turns: 4751, Time: 00:10:54

Health: -7/68      AC:  4    Str: 15    XL:     9   Next: 63%
Magic:  11/11      EV: 14    Int: 11    God:
Gold:   288        SH:  2    Dex: 15    Spells: 8/8 levels left

rFire    . . .     SeeInvis .   l - +3 short sword (elec)
rCold    . . .     Gourm    .   (no shield)
rNeg     . . .     Faith    .   b - +0 leather armour
rPois    .         Spirit   .   (no helmet)
rElec    .         Reflect  +   (no cloak)
rCorr    .         Harm     .   C - +0 pair of gloves
MR       .....                  (no boots)
Stlth    ++++......             k - +2 amulet of reflection
HPRegen  0.21/turn              u - ring of stealth
MPRegen  0.12/turn              (no ring)

@: no status effects
A: no striking features
a: no special abilities


You were in an ossuary.
You were hungry.

You visited 1 branch of the dungeon, and saw 6 of its levels.
You also visited: Ossuary.

You collected 288 gold pieces.

Inventory:

Hand Weapons
 l - a +3 short sword of electrocution (weapon)
 p - a +2 spear of freezing
 t - a +1 short sword of venom
 w - a +0 long sword of slicing
 B - a cursed +5 short sword of freezing
Missiles
 q - 4 poisoned darts (quivered)
 A - 2 boomerangs
Armour
 b - a +0 leather armour (worn)
 C - a +0 pair of gloves (worn)
Jewellery
 k - a +2 amulet of reflection (around neck)
 u - a ring of stealth (left hand)
Wands
 c - a wand of flame (11)
 d - a wand of enslavement (15)
 e - a wand of random effects (14)
 r - a wand of polymorph (12)
 x - a wand of acid (7)
Scrolls
 h - 2 scrolls of remove curse
 m - 4 scrolls of identify
 o - a scroll of teleportation
 y - a scroll of random uselessness {unknown}
 E - a scroll of enchant weapon {unknown}
 F - a scroll of amnesia {unknown}
Potions
 g - 2 potions of flight
 j - 2 potions of curing
 n - a potion of haste
 s - 2 potions of agility
 v - 2 potions of cancellation
 z - a potion of degeneration {unknown}
 D - a potion of might {unknown}
Comestibles
 f - 13 rations


   Skills:
 + Level 5.0 Fighting
 + Level 7.5 Short Blades
 + Level 4.3 Armour
 + Level 4.8 Dodging
 + Level 4.4 Stealth
 + Level 3.9 Evocations


You had 8 spell levels left.
You didn't know any spells.
Your spell library was empty.

Dungeon Overview and Level Annotations

Branches:
Dungeon (6/15)            Ossuary (1/1)
 Temple: D:4-7

Altars:
Ashenzari
Hepliaklqana
Qazlal
Sif Muna
Vehumet
Xom
The Shining One

Annotations:
D:2 exclusion: downstairs
D:3 exclusion: downstairs
D:5 exclusion: two-headed ogre


Message History

The centaur zombie closely misses you.
You hit the centaur zombie.
Lightning courses through the centaur zombie!!
You destroy the centaur zombie!
The mummy barely misses you.
You hear a splashing noise.
There is an open door here.
You hit the mummy.
The mummy is moderately damaged.
The mummy hits you!
* * * LOW HITPOINT WARNING * * *
You puncture the mummy!
The mummy is severely damaged.
You hear a splashing noise.
You hit the mummy but do no damage.
The mummy is severely damaged.
You hit the mummy.
The mummy is severely damaged.
The mummy hits you!!
You die...

#.# '.#
###.+
#.'.#
###.#
#.'.+
###.#####
#.'.#..∩#
###M@.∩.#
+.#)..#
#.#####
+.≈ #.≈
#.# ##≈


You could see a mummy.

Vanquished Creatures
  A two-headed ogre (D:5)
  Grinder (D:6)
  Sigmund (D:4)
  A sky beast (D:5)
  An ice beast (D:6)
  2 ogres
  A phantom (D:6)
  A scorpion (D:6)
  4 wights (D:6)
  A crimson imp (D:4)
  A hound (D:5)
  A centaur zombie (Ossuary)
  A bullfrog zombie (Ossuary)
  An orc priest (D:2)
  A centaur skeleton (D:6)
  A jelly (D:5)
  Natasha (thrice) (D:2)
  An iguana (D:4)
  Terence (D:2)
  2 worker ants (D:4)
  A killer bee zombie (D:5)
  2 mummies (Ossuary)
  8 adders
  An ooze (D:3)
  An adder zombie (Ossuary)
  4 dart slugs
  A worm (D:2)
  3 leopard geckos
  12 orcs
  3 ball pythons
  4 giant cockroaches
  9 goblins
  7 hobgoblins
  9 jackals
  A quokka (D:5)
  5 bats (D:1)
  3 frilled lizards
  A jackal skeleton (D:4)
  8 kobolds
  12 rats
  A butterfly (D:3)
123 creatures vanquished.

Notes
Turn   | Place    | Note
-------+----------+-------------------------------------------
     0 | D:1      | H0rd4k the Human Artificer began the quest for the Orb.
     0 | D:1      | Reached XP level 1. HP: 15/15 MP: 3/3
   107 | D:1      | Reached XP level 2. HP: 13/21 MP: 4/4
   569 | D:1      | Reached XP level 3. HP: 26/26 MP: 5/5
   838 | D:2      | Found a stormy altar of Qazlal.
   860 | D:2      | Found a radiant altar of Vehumet.
   861 | D:2      | Noticed Terence
   865 | D:2      | Killed Terence
   865 | D:2      | Reached skill level 2 in Short Blades
   865 | D:2      | Reached XP level 4. HP: 25/32 MP: 6/6
  1111 | D:2      | Noticed Natasha
  1119 | D:2      | Killed Natasha
  1119 | D:2      | Reached skill level 1 in Armour
  1156 | D:2      | Reached XP level 5. HP: 26/37 MP: 7/7
  1233 | D:2      | Noticed Natasha
  1239 | D:2      | Killed Natasha
  1771 | D:2      | Noticed Natasha
  1781 | D:2      | Killed Natasha
  2035 | D:2      | Reached skill level 3 in Short Blades
  2035 | D:2      | Reached XP level 6. HP: 39/44 MP: 8/8
  2057 | D:3      | Found a hazy altar of Hepliaklqana.
  2260 | D:3      | Found a shimmering altar of Xom.
  2280 | D:3      | Found a glowing golden altar of the Shining One.
  2815 | D:4      | Noticed an ogre
  2940 | D:5      | Entered Level 5 of the Dungeon
  2947 | D:5      | Noticed a two-headed ogre
  2983 | D:4      | Killed an ogre
  2983 | D:4      | Reached skill level 4 in Short Blades
  2983 | D:4      | Reached XP level 7. HP: 40/51 MP: 9/9
  3206 | D:4      | Noticed Sigmund
  3244 | D:4      | Killed Sigmund
  3677 | D:5      | Reached skill level 5 in Short Blades
  3677 | D:5      | Reached XP level 8. HP: 56/58 MP: 10/10
  3789 | D:5      | Found a shimmering blue altar of Sif Muna.
  3814 | D:5      | Found a shattered altar of Ashenzari.
  4010 | D:5      | Killed a two-headed ogre
  4010 | D:5      | Reached skill level 6 in Short Blades
  4010 | D:5      | Reached XP level 9. HP: 66/66 MP: 11/11
  4505 | D:6      | Noticed Grinder
  4520 | D:6      | Reached skill level 7 in Short Blades
  4543 | D:6      | Paralysed by Grinder for 5 turns
  4552 | D:6      | Killed Grinder
  4648 | D:6      | Found a sand-covered staircase.
  4680 | Ossuary  | Entered an ossuary
  4734 | Ossuary  | Reached skill level 5 in Fighting
  4751 | Ossuary  | Mangled by a mummy

Levels and vault maps discovered:
D:1:      sevenhm_arrival_forest_fort_small_4, layout_rooms
D:2:      layout_loops_ring, lemuel_crystal_altar, first_ration,
          hangedman_decor_points, kennysheep_cross_bottleneck, minivault_14,
          st_stairs_6, minmay_misc_feat_hallway, dk_vineyard_1,
          grunt_qazlal_sundering, uniq_natasha, uniq_terence
D:3:      layout_rooms, lemuel_crystal_altar, xom_butterflies, tso_altar
D:4:      layout_basic, kennysheep_generic_room_14, uniq_sigmund
D:5:      layout_loops_ring, ashenzari_altar_1, lemuel_blue_sif_altar
D:6:      lemuel_upstairs_altar, layout_loops_ring,
          nicolae_ru_the_path_less_chosen, minmay_temple_entry_grid,
          enter_ossuary_2, uniq_grinder
Ossuary:  ossuary_zaba_flooded

Skill      XL: |  1  2  3  4  5  6  7  8  9 |
---------------+----------------------------+-----
Short Blades   | 2 3 4 5 6 7 |  7.5
Armour         | 1 2 3 4 |  4.3
Dodging        | 3 4 |  4.8
Fighting       | 2 3 4 5 |  5.0
Stealth        | 2 3 4 |  4.4
Evocations     | |  3.9

Action                   |  1- 3 |  4- 6 |  7- 9 || total
-------------------------+-------+-------+-------++-------
Melee: Short sword       |    64 |   175 |   155 ||   394
Evoke: Wand              |     2 |     1 |     5 ||     8
  Use: Scroll            |       |       |    12 ||    12
       Potion            |       |       |     2 ||     2
 Stab: Sleeping          |     1 |     4 |     3 ||     8
  Eat: Chunk             |       |     7 |     5 ||    12
Armor: Leather armour    |    21 |    22 |    16 ||    59
Dodge: Dodged            |    54 |   106 |    60 ||   220
